 Dungeon Crawl Stone Soup version 0.23-a0-655-g3751e1c (webtiles) character file.

1001 XanderDroid the Cleaver (level 8, -3/105 HPs)
             Began as a Minotaur Berserker on Dec 18, 2018.
             Was an Elder of Trog.
             Killed from afar by an electric eel (6 damage)
             ... with a bolt of electricity
             ... on level 8 of the Dungeon on Jan 7, 2019.
             The game lasted 00:16:46 (2943 turns).

XanderDroid the Cleaver (Minotaur Berserker)        Turns: 2943, Time: 00:16:47

Health: -3/105     AC: 11    Str: 28    XL:     8   Next: 0%
Magic:  7/7        EV: 10    Int:  4    God:    Trog [****..]
Gold:   210        SH:  0    Dex: 11    Spells: 7/7 levels left

rFire    . . .     SeeInvis .   a - +2 war axe (vamp)
rCold    . . .     Gourm    .   (no shield)
rNeg     . . .     Faith    .   g - +0 chain mail
rPois    .         Spirit   .   (helmet restricted)
rElec    .         Reflect  .   (no cloak)
rCorr    .         Harm     .   (no gloves)
MR       .....                  m - +0 pair of boots
Stlth    ..........             (no amulet)
HPRegen  0.27/turn              (no ring)
MPRegen  0.10/turn              (no ring)

@: berserking, drained, very quick
A: retaliatory headbutt, horns 2
a: Berserk, Trog's Hand, Brothers in Arms, Renounce Religion


You were on level 8 of the Dungeon.
You worshipped Trog.
Trog was greatly pleased with you.
You were very hungry.

You visited 2 branches of the dungeon, and saw 7 of its levels.

You collected 210 gold pieces.

Inventory:

Hand Weapons
 a - a +2 vampiric war axe (weapon)
Missiles
 n - 4 javelins of returning (quivered)
Armour
 g - a +0 chain mail (worn)
 m - a +0 pair of boots (worn)
Wands
 l - a wand of flame (17)
Scrolls
 b - a scroll of amnesia {unknown}
 h - a scroll of blinking {unknown}
 i - 3 scrolls of identify
 r - a scroll of fog {unknown}
 s - a scroll of immolation {unknown}
Potions
 d - a potion of mutation
 e - a potion of haste {unknown}
 f - a potion of ambrosia {unknown}
 j - a potion of invisibility {unknown}
 k - 2 potions of degeneration {unknown}
 o - a potion of curing {unknown}
 p - 2 potions of cancellation {unknown}
Comestibles
 c - 10 rations
 q - a chunk of flesh


   Skills:
 + Level 6.0(5.8) Fighting
 * Level 8.0(7.8) Axes
 + Level 5.4(5.2) Armour
 + Level 4.9(4.7) Dodging


You had 7 spell levels left.
You didn't know any spells.
Your spell library was empty.

Dungeon Overview and Level Annotations

Branches:
Dungeon (5/15)             Temple (1/1) D:4

Altars:
Ashenzari
Cheibriados
Dithmenos
Elyvilon
Fedhas
Gozag
Hepliaklqana
Kikubaaqudgha
Makhleb
Nemelex Xobeh
Qazlal
Ru
Sif Muna
Trog
Uskayaw
Vehumet
Wu Jian
Xom
Yredelemnul
Zin
The Shining One


Innate Abilities, Weirdness & Mutations

You reflexively headbutt those who attack you in melee.
You have a pair of horns on your head.


Message History

The bolt of electricity hits you!
* * * LOW HITPOINT WARNING * * *
You slice the wight!!
You feel the power of Trog in you as your rage grows.
You destroy the wight!
Trog accepts your kill.
Your base Axes skill increases to level 8!
You have reached level 8!
You feel stronger.
The electric eel shoots out a bolt of lightning at you!
The bolt of electricity hits you!
* * * LOW HITPOINT WARNING * * *
Things that are here:
a +0 mace; a +0 robe You feel a strong urge to attack something.
The electric eel shoots out a bolt of lightning at you!
The bolt of electricity hits you!
* * * LOW HITPOINT WARNING * * *
The bolt of electricity hits you!
You die...

.. ♣♣ .. ≈≈ #. ..
.###≈≈≈ ..#.≈≈♣ $≈
#./.≈≈♣ ≈≈≈
#.##.≈♣♣♣≈≈≈ . .
#.##.≈≈≈≈≈≈≈
....###@##;....≈≈
.......)).;≈≈≈≈≈≈ ≈
...........≈♣♣♣≈ ≈♣
.......#.#≈≈♣ ≈≈♣
.......#...≈♣♣♣≈≈≈♣
.....#..#..≈≈≈≈≈≈≈≈
..#.###z#.≈....≈≈≈.
.##. #...#...#.###
# ....#..........


You could see an electric eel.

Vanquished Creatures
  Eustachio (D:5)
  An ogre (D:5)
  A centaur (D:5)
  A bullfrog (D:8)
  A scorpion (D:4)
  4 wights (D:8)
  A howler monkey (D:4)
  A crimson imp (D:5)
  A bullfrog zombie (D:5)
  3 hounds
  An iguana (D:5)
  2 worker ants (D:5)
  Robin (D:4)
  5 adders
  A shadow imp (D:3)
  2 adder skeletons
  3 worms
  2 dart slugs
  A leopard gecko (D:1)
  3 orcs
  2 ball pythons (D:2)
  12 bats
  3 giant cockroaches
  16 goblins
  11 hobgoblins
  4 jackals
  2 quokkas
  4 frilled lizards
  10 kobolds
  A leopard gecko skeleton (D:4)
  5 rats
106 creatures vanquished.

Vanquished Creatures (others)
  A bat (D:1)
1 creature vanquished.

Grand Total: 107 creatures vanquished

Notes
Turn   | Place    | Note
-------+----------+-------------------------------------------
     0 | D:1      | XanderDroid the Minotaur Berserker began the quest for the
                  | Orb.
     0 | D:1      | Reached XP level 1. HP: 19/19 MP: 0/0
   141 | D:1      | Reached XP level 2. HP: 26/27 MP: 1/1
   156 | D:1      | Reached skill level 4 in Axes
   391 | D:1      | Reached ** piety under Trog
   450 | D:1      | Reached XP level 3. HP: 26/33 MP: 2/2
   952 | D:2      | Reached XP level 4. HP: 29/40 MP: 3/3
  1043 | D:2      | Reached *** piety under Trog
  1183 | D:2      | Upgraded the game from 0.23-a0-586-gacb4b3f to
                  | 0.23-a0-612-gcb482e9
  1183 | D:2      | Upgraded the game from 0.23-a0-612-gcb482e9 to
                  | 0.23-a0-619-g281719c
  1183 | D:2      | Upgraded the game from 0.23-a0-619-g281719c to
                  | 0.23-a0-625-g1d2cd9b
  1183 | D:2      | Upgraded the game from 0.23-a0-625-g1d2cd9b to
                  | 0.23-a0-629-gae4348f
  1183 | D:2      | Upgraded the game from 0.23-a0-629-gae4348f to
                  | 0.23-a0-635-g88ca12a
  1183 | D:2      | Upgraded the game from 0.23-a0-635-g88ca12a to
                  | 0.23-a0-636-g0ff6057
  1183 | D:2      | Upgraded the game from 0.23-a0-636-g0ff6057 to
                  | 0.23-a0-639-ga9a3373
  1183 | D:2      | Upgraded the game from 0.23-a0-639-ga9a3373 to
                  | 0.23-a0-643-g9ccc95a
  1183 | D:2      | Upgraded the game from 0.23-a0-643-g9ccc95a to
                  | 0.23-a0-644-gb60d84b
  1183 | D:2      | Upgraded the game from 0.23-a0-644-gb60d84b to
                  | 0.23-a0-650-ga4d50d4
  1183 | D:2      | Upgraded the game from 0.23-a0-650-ga4d50d4 to
                  | 0.23-a0-655-g3751e1c
  1396 | D:3      | Reached skill level 5 in Axes
  1683 | D:3      | Reached XP level 5. HP: 46/47 MP: 4/4
  1830 | D:4      | Noticed Robin
  1836 | D:4      | Received a gift from Trog
  1843 | D:4      | Killed Robin
  1897 | D:4      | Found an ancient bone altar of Kikubaaqudgha.
  1953 | D:4      | Reached XP level 6. HP: 55/55 MP: 5/5
  1972 | D:4      | Found a staircase to the Ecumenical Temple.
  1978 | D:4      | Reached skill level 6 in Axes
  2480 | Temple   | Entered the Ecumenical Temple
  2673 | D:5      | Entered Level 5 of the Dungeon
  2697 | D:5      | Found a radiant altar of Vehumet.
  2706 | D:5      | Reached skill level 5 in Fighting
  2805 | D:5      | Reached XP level 7. HP: 58/61 MP: 6/6
  2850 | D:5      | Reached skill level 7 in Axes
  2857 | D:5      | Noticed Eustachio
  2878 | D:5      | Killed Eustachio
  2878 | D:5      | Reached skill level 5 in Armour
  2920 | D:5      | You fall through a shaft for 3 floors!
  2940 | D:8      | Reached **** piety under Trog
  2941 | D:8      | Reached skill level 8 in Axes
  2941 | D:8      | Reached XP level 8. HP: 7/70 MP: 7/7
  2942 | D:8      | HP: 3/105 [electric eel/bolt of electricity (4)]
  2943 | D:8      | Killed from afar by an electric eel

Vault maps used:
D:1:      psy_arrival_statuary, st_stairs_4, chequers_serial_rivers_micro_c
D:2:      minmay_indecisive_spiral
D:3:      minmay_stone_trees_small
D:4:      kiku_gazebo_pond_becter, temple_fountains, uniq_robin
D:5:      okawaru_trees_1, first_ration, vehumet_altar_wand_db, uniq_eustachio
D:8:      grunt_pizzeria, kennysheep_boxes
Temple:   regret_index_temple_chain_breaker

Skill      XL: |  1  2  3  4  5  6  7 |
---------------+----------------------+-----
Axes           | 4 5 6 8 |  8.0
Fighting       | 4 5 6 |  6.0
Armour         | 3 4 5 |  5.4
Dodging        | 3 4 |  4.9

Action                   |  1- 3 |  4- 6 |  7- 9 || total
-------------------------+-------+-------+-------++-------
Melee: Hand axe          |   108 |    94 |       ||   202
       Headbutt          |    13 |    28 |     2 ||    43
       War axe           |       |    29 |    35 ||    64
Invok: Berserk           |       |     1 |     2 ||     3
  Use: Scroll            |       |     2 |       ||     2
  Eat: Chunk             |       |     5 |     1 ||     6
       Ration            |       |     2 |       ||     2
Armor: Animal skin       |     7 |       |       ||     7
       Chain mail        |    48 |    73 |    29 ||   150
Dodge: Dodged            |    60 |    64 |    24 ||   148

Table legend:
 A = Non-vault XP
 B = Vault XP
 C = Vault XP percentage of total XP
 D = Non-vault monster count
 E = Vault monster count
 F = Vault count percentage of total count
                 A         B        C        D         E       F
            +---------+---------+-------+---------+---------+-------
      Total |    1175 |     256 |  17.9 |      87 |      19 |  17.9
            +---------+---------+-------+---------+---------+-------
        D:1 |      40 |       4 |   9.1 |      22 |       2 |   8.3
        D:2 |      74 |       7 |   8.6 |      25 |       4 |  13.8
        D:3 |     109 |       0 |   0.0 |      15 |       0 |   0.0
        D:4 |     177 |      35 |  16.5 |       9 |      11 |  55.0
        D:5 |     493 |     210 |  29.9 |      11 |       2 |  15.4
        D:8 |     282 |       0 |   0.0 |       5 |       0 |   0.0
            +---------+---------+-------+---------+---------+-------
